 Dungeon Crawl Stone Soup version 0.30-a0-760-g5a9884bb7c (webtiles) character file.

Game seed: 5082336989581610975

154 kae the Digger (level 5, -4/28 HPs)
             Began as a Gargoyle Earth Elementalist on Feb 10, 2023.
             Killed from afar by Sigmund (9 damage)
             ... with a magic dart
             ... on level 4 of the Dungeon.
             The game lasted 00:02:50 (3691 turns).

kae the Digger (Gargoyle Earth Elementalist)        Turns: 3691, Time: 00:02:51

Health: -4/28      AC:  7    Str: 11    XL:     5   Next: 36%
Magic:  2/9        EV: 16    Int: 18    God:
Gold:   33         SH:  0    Dex: 10    Spells: 3/9 levels left

rFire   . . .      SeeInvis .    g - +1 whip (venom)
rCold   . . .      Faith    .    (no shield)
rNeg    + . .      Spirit   .    a - +0 robe
rPois   ∞          Reflect  .    (no helmet)
rElec   +          Harm     .    q - +0 cloak {Stlth+}
rCorr   .          Rampage  .    (no gloves)
Will    .....                    (no boots)
Stlth   +++                      (no amulet)
HPRegen 0.24/turn                E - +5 ring of evasion
MPRegen 0.11/turn                (no ring)

@: no status effects
A: sickness immunity, AC +4, negative energy resistance 1, electricity
resistance, torment resistance 1, petrification resistance
a: no special abilities


You were on level 4 of the Dungeon.
You visited 1 branch of the dungeon, and saw 4 of its levels.

You collected 183 gold pieces.
You spent 150 gold pieces at shops.


Innate Abilities, Weirdness & Mutations

You are immune to sickness and miasma.
Your stone body is resilient. (AC +4)
You are immune to poison.
You resist negative energy. (rN+)
You are resistant to electric shocks. (rElec)
You are resistant to unholy torment.
You are immune to petrification.


   Skills:
 - Level 1.5 Dodging
 - Level 2.1 Stealth
 + Level 2.8 Spellcasting
 * Level 2.6 Conjurations
 - Level 0.7 Transmutations
 * Level 5.6 Earth Magic


You had 3 spell levels left.
You knew the following spells:

 Your Spells              Type           Power      Damage    Failure   Level
a - Sandblast             Erth           44%        2d11      1%          1
b - Stone Arrow           Conj/Erth      34%        3d9       9%          3
c - Passwall              Tmut/Erth      11%        N/A       7%          2

Your spell library contained the following spells:

 Spells                   Type           Power      Damage    Failure   Level
 Petrify                  Tmut/Erth      14%        N/A       41%         4

Inventory:

Hand Weapons
 g - a +1 whip of venom (weapon)
   (You took it off a kobold on level 1 of the Dungeon)
Missiles
 f - 30 stones
 l - 10 javelins
 o - 13 poisoned darts
Armour
 a - a +0 robe (worn)
 q - a +0 cloak of stealth (worn)
   (You bought it in a shop on level 3 of the Dungeon)
Jewellery
 E - a +5 ring of evasion (left hand)
   (You found it on level 2 of the Dungeon)
 N - a ring of positive energy
   (You found it on level 3 of the Dungeon)
Scrolls
 e - 2 scrolls of fear
 j - 2 scrolls of magic mapping {!r}
 m - a scroll of noise {unknown}
 r - a scroll of acquirement {unknown}
Potions
 b - 2 potions of magic
 c - a potion of lignification {!q}
 d - a potion of heal wounds {unknown}
 h - a potion of resistance {unknown}
 i - a potion of attraction {!q}
 k - a potion of might {unknown}
 n - a potion of degeneration {!q}
 p - a potion of invisibility

Dungeon Overview and Level Annotations

Branches:
Dungeon (4/15) Zot: 20245
 Temple: D:4-7

Altars:
Elyvilon
Qazlal

Shops:
D:3 [

Annotations:
D:4 Sigmund

...########+##..
...#...........######
...#...........#.... .
...#...........#... ..
...#...........+.. ...
#..#...........#.# ..#
#..#.....#######.##...##
#..+.....'..#...........
# #.....#..'...@.{.....
##+#.....#####+####...##
............... ..#
............... .
...............
)..............
)††.......#####
..........# .........)#


There were no monsters in sight!


Message History

You lost 1 mp, and now have 6/9 mp.
Casting: Sandblast (safe; 1% risk of failure)
Confirm with . or Enter, or press ? or * to list all spells.
You can't see any susceptible monsters within range! (Use Z to cast anyway.)
b - 2 potions of magic (gained 1)
m - a scroll labelled LAXZULYARY 😎 MP[+1]
r - a scroll labelled WENYS HEYSUEG 😎 MP[+2]
Your mp is fully restored (9).
You open the door.
There is an open door here.
You open the door.
There is an open door here.
Sigmund the Dreaded comes into view.
He is wielding a +3 scythe of protection.
Casting: Sandblast (safe; 1% risk of failure)
Confirm with . or Enter, or press ? or * to list all spells.
Aiming: Sandblast (safe; 1% risk of failure)
Press: ? - help, Shift-Dir - straight line, f - Sigmund
Aim: Sigmund, wielding a +3 scythe of protection and wearing a +0 robe (81% to hit)
The blast of sand hits Sigmund but does no damage.
Sigmund hits you from afar with a +3 scythe of protection! 😮 HP[-7] MP[-1]
You take 7 damage, and now have 21/28 hp.
MASSIVE DAMAGE!! (PAUSE)
You lost 1 mp, and now have 8/9 mp.
Casting: Sandblast (safe; 1% risk of failure)
Confirm with . or Enter, or press ? or * to list all spells.
Aiming: Sandblast (safe; 1% risk of failure)
Press: ? - help, Shift-Dir - straight line, f/p - Sigmund
Aim: Sigmund, wielding a +3 scythe of protection and wearing a +0 robe (81% to hit)
The blast of sand hits Sigmund but does no damage.
Sigmund hits you from afar with a +3 scythe of protection!
* * * LOW HITPOINT WARNING * * *
😨 HP[-13] MP[-1]
You take 13 damage, and now have 8/28 hp.
MASSIVE DAMAGE!! (PAUSE)
You lost 1 mp, and now have 7/9 mp.
Casting: Sandblast (safe; 1% risk of failure)
Confirm with . or Enter, or press ? or * to list all spells.
Aiming: Sandblast (safe; 1% risk of failure)
Press: ? - help, Shift-Dir - straight line, f/p - Sigmund
Aim: Sigmund, wielding a +3 scythe of protection and wearing a +0 robe (81% to hit)
The blast of sand hits Sigmund but does no damage.
Sigmund closely misses you. 😨 HP[+1] MP[-1]
You lost 1 mp, and now have 6/9 mp.
Casting: Sandblast (safe; 1% risk of failure)
Confirm with . or Enter, or press ? or * to list all spells.
Aiming: Sandblast (safe; 1% risk of failure)
Press: ? - help, Shift-Dir - straight line, f/p - Sigmund
Aim: Sigmund, wielding a +3 scythe of protection and wearing a +0 robe (81% to hit)
The blast of sand hits Sigmund but does no damage.
Sigmund barely misses you. 😨 MP[-1]
You lost 1 mp, and now have 5/9 mp.
Casting: Sandblast (safe; 1% risk of failure)
Confirm with . or Enter, or press ? or * to list all spells.
Aiming: Sandblast (safe; 1% risk of failure)
Press: ? - help, Shift-Dir - straight line, f/p - Sigmund
Aim: Sigmund, wielding a +3 scythe of protection and wearing a +0 robe (81% to hit)
The blast of sand hits Sigmund but does no damage.
Sigmund hits you but does no damage. 😨 MP[-1]
You lost 1 mp, and now have 4/9 mp.
Unknown command.
Casting: Sandblast (safe; 1% risk of failure)
Confirm with . or Enter, or press ? or * to list all spells.
Aiming: Sandblast (safe; 1% risk of failure)
Press: ? - help, Shift-Dir - straight line, f/p - Sigmund
Aim: Sigmund, wielding a +3 scythe of protection and wearing a +0 robe (81% to hit)
The blast of sand hits Sigmund but does no damage.
Sigmund casts a spell.
Sigmund flickers and vanishes!
Deactivating autopickup; reactivate with Ctrl-A. 😨 HP[+1] Unknown command.
Casting: Sandblast (safe; 1% risk of failure)
Confirm with . or Enter, or press ? or * to list all spells.
You can't see any susceptible monsters within range! (Use Z to cast anyway.)
Casting: Sandblast (safe; 1% risk of failure)
Confirm with . or Enter, or press ? or * to list all spells.
Aiming: Sandblast (safe; 1% risk of failure)
Press: ? - help, Shift-Dir - straight line The blast of sand hits something but does no damage.
A magic dart appears from out of thin air!
The magic dart hits you.
* * * LOW HITPOINT WARNING * * *
Something barely misses you. 😱 HP[-5] MP[-1]
You take 5 damage, and now have 5/28 hp.
You lost 1 mp, and now have 3/9 mp.
Casting: Sandblast (safe; 1% risk of failure)
Confirm with . or Enter, or press ? or * to list all spells.
Aiming: Sandblast (safe; 1% risk of failure)
Press: ? - help, Shift-Dir - straight line The blast of sand hits something but does no damage.
A magic dart appears from out of thin air!
The magic dart hits you!
You die...

Skill      XL: |  1  2  3  4 |
---------------+-------------+-----
Earth Magic    | 4 5 |  5.6
Conjurations   | 1 2 |  2.6
Dodging        | |  1.5
Stealth        | |  2.1
Spellcasting   | |  2.8
Transmutations | |  0.7

Action                     |  1- 3 |  4- 6 || total
---------------------------+-------+-------++-------
  Melee: Whip              |     1 |     1 ||     2
   Cast: Sandblast         |    52 |    74 ||   126
    Use: Scroll            |     4 |     5 ||     9
 Armour: Robe              |     5 |     3 ||     8
  Dodge: Dodged            |     6 |    12 ||    18

Levels and vault maps discovered:
D:1:      nzn_arrival_settlement, layout_loops_corners, moated_statue
D:2:      minmay_alternating_diamond, layout_loops_corners, basic_altar,
          minmay_cut_off, uniq_robin
D:3:      layout_loops_ring, mainiacjoe_overflow_brackets, serial_shops,
          nicolae_shop_behind_doors, grunt_ministairs_13
D:4:      layout_gridville, uniq_sigmund, uniq_menkaure

Notes
Turn   | Place    | Note
-------+----------+-------------------------------------------
     0 | D:1      | kae the Gargoyle Earth Elementalist began the quest for the
                  | Orb.
     0 | D:1      | Reached XP level 1. HP: 10/10 MP: 3/3
     0 | D:1      | magus.rc [v1.11.3]
   147 | D:1      | Reached skill level 4 in Earth Magic
   171 | D:1      | Reached XP level 2. HP: 15/15 MP: 3/5
   848 | D:1      | Reached XP level 3. HP: 19/19 MP: 3/6
   852 | D:1      | Learned a level 3 spell: Stone Arrow
   855 | D:1      | Learned a level 2 spell: Passwall
  1224 | D:2      | Noticed Robin
  1405 | D:2      | Killed Robin
  1406 | D:2      | Reached skill level 1 in Conjurations
  1425 | D:2      | Reached XP level 4. HP: 24/24 MP: 1/7
  1460 | D:2      | Reached skill level 5 in Earth Magic
  1756 | D:2      | Found a white marble altar of Elyvilon.
  2579 | D:3      | Reached skill level 2 in Conjurations
  2678 | D:3      | Found a stormy altar of Qazlal.
  2787 | D:3      | Reached XP level 5. HP: 28/28 MP: 7/9
  3211 | D:3      | Found Ofousoawan's Antique Armour Boutique.
  3214 | D:3      | Bought a glowing cloak for 150 gold pieces
  3682 | D:4      | Noticed Sigmund
  3690 | D:4      | HP: 5/28 [something/magic dart (5)]
  3691 | D:4      | Killed from afar by Sigmund

Vanquished Creatures
  Robin (D:2)
  4 adders
  A dart slug (D:4)
  2 worms (D:2)
  2 orcs (D:3)
  7 ball pythons
  3 endoplasms
  7 giant cockroaches
  7 hobgoblins
  3 jackals (D:2)
  2 quokkas
  8 bats
  3 frilled lizards (D:3)
  21 goblins
  11 kobolds
  6 rats
88 creatures vanquished.

Table legend:
 A = Non-vault XP
 B = Vault XP
 C = Vault XP percentage of total XP
 D = Non-vault monster count
 E = Vault monster count
 F = Vault count percentage of total count
                 A         B        C        D         E       F
            +---------+---------+-------+---------+---------+-------
      Total |     151 |      70 |  31.7 |      66 |      22 |  25.0
            +---------+---------+-------+---------+---------+-------
        D:1 |      36 |       0 |   0.0 |      22 |       0 |   0.0
        D:2 |      30 |      68 |  69.4 |      16 |      21 |  56.8
        D:3 |      50 |       2 |   3.8 |      17 |       1 |   5.6
        D:4 |      35 |       0 |   0.0 |      11 |       0 |   0.0
            +---------+---------+-------+---------+---------+-------

Illustrated notes

Table legend:
 A = Kills in this place as a percentage of kills in entire the game.
 B = Kills by you in this place as a percentage of kills by you in the entire game.
 C = Kills by friends in this place as a percentage of kills by friends in the entire game.
 D = Other kills in this place as a percentage of other kills in the entire game.
 E = Experience gained in this place as a percentage of experience gained in the entire game.
 F = Experience gained in this place divided by the number of levels of this place that you have seen.
                   A       B       C       D       E      F
               +-------+-------+-------+-------+-------+----------------------
         Total | 100.0 | 100.0 |   N/A |   N/A | 100.0 |  55.2
       Dungeon | 100.0 | 100.0 |   N/A |   N/A | 100.0 |  55.2
               +-------+-------+-------+-------+-------+----------------------

Table legend: (Time is in decaauts)
 A = Elapsed time spent in this place.
 B = Non-inter-level travel time spent in this place.
 C = Inter-level travel time spent in this place.
 D = Time resting spent in this place.
 E = Time spent auto-exploring this place.
 F = Levels seen in this place.
 G = Mean time per level.
                   A        B        C        D        E       F      G
               +--------+--------+--------+--------+--------+-----+--------+
         Total |   3752 |   3639 |    113 |    186 |   2987 |   4 |  938.0 |
       Dungeon |   3752 |   3639 |    113 |    186 |   2987 |   4 |  938.0 |
               +--------+--------+--------+--------+--------+-----+--------+

Top non-repeatable levels by time:
     D:2: 1514 daAuts
     D:1: 993 daAuts
     D:3: 795 daAuts
     D:4: 448 daAuts
